 Dungeon Crawl Stone Soup version 0.22-a0-305-gd21a89c (webtiles) character file.

219 Amnesiac the Slasher (level 5, -6/41 HPs)
             Began as a Mummy Fighter on Mar 31, 2018.
             Killed from afar by an orc wizard (7 damage)
             ... with a magic dart
             ... on level 4 of the Dungeon.
             The game lasted 00:03:34 (2261 turns).

Amnesiac the Slasher (Mummy Fighter)                Turns: 2261, Time: 00:03:35

Health: -6/41      AC:  9    Str: 21    XL:     5   Next: 64%
Magic:  5/5        EV:  5    Int:  7    God:
Gold:   78         SH:  9    Dex: 11    Spells: 4/4 levels left

rFire    x . .     SeeInvis .   a - +0 long sword
rCold    + . .     Gourm    .   c - +0 shield
rNeg     + + +     Faith    .   j - +0 chain mail
rPois    ∞         Spirit   .   i - +0 helmet
rElec    .         Reflect  .   (no cloak)
rCorr    .         Harm     .   (no gloves)
MR       .....                  (no boots)
Stlth    ..........             (no amulet)
HPRegen  0.13/turn              (no ring)
MPRegen  0.09/turn              (no ring)

@: no status effects
A: no food or potions, fire vulnerability, cold resistance 1, negative energy
resistance 3, torment resistance, unbreathing
a: no special abilities


You were on level 4 of the Dungeon.
You were not hungry.

You visited 1 branch of the dungeon, and saw 4 of its levels.

You collected 78 gold pieces.

Inventory:

Hand Weapons
 a - a +0 long sword (weapon)
Missiles
 l - 3 curare-tipped needles
Armour
 c - a +0 shield (worn)
 i - a +0 helmet (worn)
 j - a +0 chain mail (worn)
 k - a +0 helmet of see invisible
Scrolls
 b - a scroll of noise {!r, unknown}
 d - 2 scrolls of remove curse {!r}
 e - 2 scrolls of amnesia {!r, unknown}
 f - a scroll of blinking {!r, unknown}
 g - a scroll of magic mapping {!r, unknown}
 h - 2 scrolls of identify {!r, unknown}


   Skills:
 - Level 3.0 Fighting
 + Level 5.0 Long Blades
 - Level 2.4 Armour
 - Level 2.4 Shields


You had 4 spell levels left.
You didn't know any spells.

Dungeon Overview and Level Annotations

Branches:
Dungeon (4/15)
 Temple: D:4-7

Altars:
Cheibriados
Dithmenos
Nemelex Xobeh


Innate Abilities, Weirdness & Mutations

You do not eat or drink.
Your flesh is vulnerable to fire.
You are immune to poison.
Your flesh is cold resistant. (rC+)
You are immune to negative energy. (rN+++)
You are immune to unholy pain and torment.
You can survive without breathing.


Message History

You hit the orc wizard.
The orc wizard is severely wounded.
You block the orc wizard's attack.
The orc wizard hits you but does no damage. x2
You closely miss the orc wizard.
The orc wizard is severely wounded.
The orc wizard hits you but does no damage. x3
The orc wizard casts a spell at you. The puff of flame hits you!
The fire burns you terribly!
You hit the orc wizard.
The orc wizard is severely wounded.
The orc wizard looks encouraged for a moment.
You block the orc wizard's attack.
The orc wizard hits you with a dagger of venom.
You closely miss the orc wizard.
The orc wizard is severely wounded.
The orc wizard barely misses you.
The orc wizard points at you and mumbles some strange words.
The magic dart hits you!
You closely miss the orc wizard.
The orc wizard is severely wounded.
The orc wizard barely misses you.
The orc wizard hits you but does no damage.
You block the orc wizard's attack.
You miss the orc wizard.
The orc wizard is severely wounded.
The orc wizard miscasts a cantrip.
The orc wizard points at you and mumbles some strange words.
The puff of flame hits you! The fire burns you terribly!
The orc wizard looks encouraged for a moment.
The orc wizard gestures at you while chanting.
The puff of flame hits you! The fire burns you terribly!
* * * LOW HITPOINT WARNING * * *
You are too injured to fight recklessly!
You are too injured to fight recklessly!
You are too injured to fight recklessly!
Your chain mail prevents you from hitting the orc wizard.
The orc wizard is severely wounded.
The orc wizard hits you but does no damage. x2
You can't drink.
Unknown command.
You hit the orc wizard.
The orc wizard is almost dead.
The orc wizard hits you but does no damage.
You block the orc wizard's attack.
You miss the orc wizard.
The orc wizard is almost dead.
The orc wizard completely misses you.
You riposte.
Your shield prevents you from hitting the orc wizard.
The orc wizard is almost dead.
The orc wizard gestures wildly while chanting.
The orc wizard flickers and vanishes!
You block the orc wizard's attack.
You closely miss the orc wizard.
The orc wizard is almost dead.
The orc wizard hits you with a dagger of venom.
* * * LOW HITPOINT WARNING * * *
You block the orc wizard's attack.
You closely miss the orc wizard.
The orc wizard is almost dead.
The orc wizard casts a spell at you. The puff of flame misses you.
The orc wizard gestures at you while chanting.
The magic dart hits you!
You die...

#.....#####.###<).
#.......###)#.....
#.....#...........
#.....#..##.#..###
#######...>.#..# ####
#..####..## ..#
#>.#......#
#.#####.........# o.#
#@#$..<).#.##.#.##
)....#o#.###.......#..)
#......{..# ####.####..#
#.....#.########.####...
........# #.g.........#
######### #.#########.#
#.# #.# #.#####......
#............


You could see an orc wizard.

Vanquished Creatures
  A bullfrog skeleton (D:4)
  Jessica (D:3)
  An orc wizard (D:4)
  A worker ant (D:3)
  4 gnolls
  3 adders
  An adder skeleton (D:4)
  2 worms
  2 orcs (D:4)
  2 giant cockroaches
  3 goblins
  6 hobgoblins
  4 jackals (D:3)
  7 kobolds
  2 quokkas (D:3)
  2 ball pythons (D:3)
  2 bats (D:3)
  A frilled lizard (D:3)
  A rat (D:1)
46 creatures vanquished.

Notes
Turn   | Place    | Note
-------+----------+-------------------------------------------
     0 | D:1      | Amnesiac the Mummy Fighter began the quest for the Orb.
     0 | D:1      | Reached XP level 1. HP: 18/18 MP: 1/1
    38 | D:1      | Reached skill level 2 in Long Blades
    62 | D:1      | Reached XP level 2. HP: 15/24 MP: 2/2
   512 | D:3      | Reached XP level 3. HP: 24/29 MP: 3/3
   564 | D:4      | Noticed an ogre
   664 | D:3      | Reached skill level 3 in Long Blades
   926 | D:3      | Noticed Jessica
   935 | D:3      | Killed Jessica
   935 | D:3      | Reached XP level 4. HP: 20/35 MP: 4/4
  1338 | D:4      | Reached skill level 4 in Long Blades
  1471 | D:3      | Found a snail-covered altar of Cheibriados.
  1472 | D:3      | Found a shadowy altar of Dithmenos.
  1473 | D:3      | Found a sparkling altar of Nemelex Xobeh.
  1633 | D:4      | Reached XP level 5. HP: 25/41 MP: 5/5
  2238 | D:4      | Reached skill level 5 in Long Blades
  2260 | D:4      | HP: 1/41 [orc wizard/dagger of venom (3)]
  2261 | D:4      | Killed from afar by an orc wizard

Vault maps used:
D:1:      dpeg_arrival_pits, serial_glass, glass_columns_c, glass_columns_a
D:2:      kennysheep_six_static_rooms
D:3:      minitemple, uniq_jessica
D:4:      temple_green, first_ration, minmay_misc_feat_nine_boxes,
          minmay_misc_feat_rugged, minivault_25

Skill      XL: |  1  2  3  4  5 |
---------------+----------------+-----
Long Blades    | 2 3 4 5 |  5.0
Fighting       | |  3.0
Armour         | |  2.4
Shields        | |  2.4

Action                   |  1- 3 |  4- 6 || total
-------------------------+-------+-------++-------
Melee: Long sword        |   119 |   138 ||   257
  Use: Scroll            |       |     1 ||     1
Armor: Scale mail        |    50 |       ||    50
       Chain mail        |       |    71 ||    71
Dodge: Dodged            |    30 |    38 ||    68
Block: Shield            |    69 |    68 ||   137
       Rpst.: Long sword |    10 |    11 ||    21

Table legend:
 A = Spawn XP
 B = Non-spawn XP
 C = Spawn XP percentage of total XP
 D = Spawn monster count
 E = Non-spawn monster count
 F = Spawn count percentage of total count
 G = Total turns spent on level
                    A         B        C        D         E        F      G
               +---------+---------+-------+---------+---------+-------+---------
         Total |       0 |     314 |   0.0 |       0 |      46 |   0.0 |  2261
               +---------+---------+-------+---------+---------+-------+---------
           D:1 |       0 |      16 |   0.0 |       0 |      10 |   0.0 |   301
           D:3 |       0 |     148 |   0.0 |       0 |      25 |   0.0 |  1532
           D:4 |       0 |     150 |   0.0 |       0 |      11 |   0.0 |   413
               +---------+---------+-------+---------+---------+-------+---------
